 Dungeon Crawl Stone Soup version 0.27.0-1-g7a089689b8 (webtiles) character file.

Game seed: 15769434731575694392

216 Strat the Chopper (level 5, 0/50 HPs)
             Began as a Deep Dwarf Fighter on Aug 7, 2021.
             Splashed by an orc's acid (15 damage)
             ... on level 3 of the Dungeon.
             The game lasted 00:03:48 (1175 turns).

Strat the Chopper (Deep Dwarf Fighter)              Turns: 1175, Time: 00:03:49

Health: 0/50       AC:  8    Str: 20    XL:     5   Next: 61%
Magic:  4/4        EV:  9    Int:  9    God:
Gold:   113        SH:  0    Dex: 18    Spells: 4/4 levels left

rFire    . . .     SeeInvis .   a - +1 war axe
rCold    . . .     Faith    .   (no shield)
rNeg     . . .     Spirit   .   b - +0 scale mail
rPois    .         Reflect  .   (no helmet)
rElec    .         Harm     .   (no cloak)
rCorr    .         Rampage  .   (no gloves)
Will     +....                  f - +0 pair of boots
Stlth    ..........             (no amulet)
HPRegen  0.00/turn              n - +6 ring of dexterity
MPRegen  0.09/turn              m - ring of willpower

@: no status effects
A: damage resistance, heal wounds, sense surroundings 1, no regeneration
a: Heal Wounds


You were on level 3 of the Dungeon.
You visited 1 branch of the dungeon, and saw 3 of its levels.

You collected 113 gold pieces.

Inventory:

Hand Weapons
 a - a +1 war axe (weapon)
 j - a +3 whip of venom
Missiles
 h - 55 stones
 k - 37 sling bullets
Armour
 b - a +0 scale mail (worn)
 c - a +0 kite shield
 f - a +0 pair of boots (worn)
Jewellery
 m - a ring of willpower (right hand)
 n - a +6 ring of dexterity (left hand)
Wands
 q - a wand of digging (5)
Scrolls
 l - a scroll of enchant weapon
 o - a scroll of teleportation {unknown}
 p - a scroll of holy word {unknown}
Potions
 d - a potion of might
 e - a potion of resistance
 g - a potion of brilliance {unknown}
 i - 2 potions of lignification {unknown}


   Skills:
 + Level 3.7 Fighting
 * Level 4.9 Axes
 + Level 4.4 Armour
 - Level 3.2 Shields


You had 4 spell levels left.
You didn't know any spells.
Your spell library contained the following spells:

 Spells                   Type           Power      Damage    Failure   Level
 Dazzling Flash           Conj/Hex       0%         N/A       97%         3
 Iskenderun's Mystic Bla  Conj/Tloc      0%         2d3       100%        4
 Starburst                Conj/Fire      0%         8x6d3     100%        6


Dungeon Overview and Level Annotations

Branches:
Dungeon (3/15)

Altars:

Shops:
D:2 [


Innate Abilities, Weirdness & Mutations

You are resistant to damage.
You can heal yourself by infusing magical energy.
You passively map a small area around you.
You do not regenerate.


Message History

You fail to use your ability.
The orc hits you with a +0 club.
* * * LOW HITPOINT WARNING * * *
The orc barely misses you. The orc wizard completely misses you.
You feel much better. The orc barely misses you.
The orc hits you but does no damage. The orc hits you with a +0 short sword.
* * * LOW HITPOINT WARNING * * *
The orc wizard hits you but does no damage.
You feel much better. The orc hits you but does no damage. x2
The orc zaps a wand.
The bolt of acid hits you!
You are splashed with acid!
* * * LOW HITPOINT WARNING * * *
The orc wizard hits you with a +0 dagger.
You hit the orc wizard.
The orc wizard is lightly wounded.
You slash the orc!
You kill the orc!
You closely miss the orc. You completely miss the orc.
The orc hits you with a +0 club.
* * * LOW HITPOINT WARNING * * *
The orc zaps a wand.
The bolt of acid hits you!
* * * LOW HITPOINT WARNING * * *
You are splashed with acid!
* * * LOW HITPOINT WARNING * * *
The orc wizard hits you but does no damage.
The orc hits you but does no damage.
You feel much better. The orc hits you with a +0 short sword.
The orc wizard closely misses you. The orc hits you but does no damage.
You barely miss the orc. You slash the orc wizard! You slash the orc!
You kill the orc!
The orc closely misses you. The orc wizard barely misses you.
The orc hits you but does no damage.
You barely miss the orc. You hit the orc wizard.
You kill the orc wizard!
The orc hits you with a +0 short sword.
* * * LOW HITPOINT WARNING * * *
You hit the orc.
The orc is heavily wounded.
The orc zaps a wand.
The bolt of acid hits you!
* * * LOW HITPOINT WARNING * * *
You are splashed with acid!
You die...

######......##### , ....
............#..., ....
#####......##.####,
..... ,, ,
,+......'.....+, .....
*#......##.#### ......
*#......##)#######.....#
*#########.............'
, * #.....†)).#.
+.....@o..+, ,
#[...))...#, *
#.........'...
#[........#### * *
,,+.........# *,
#.........#* ,**
#.......... < *
########.### *,


You could see an orc.

Vanquished Creatures
  A water moccasin skeleton (D:3)
  An orc priest (D:3)
  2 orc wizards (D:3)
  An adder (D:3)
  An ufetubus (D:2)
  2 worms
  2 dart slugs
  8 orcs (D:3)
  3 ball pythons
  3 endoplasms
  3 giant cockroaches
  A hobgoblin (D:2)
  11 jackals
  4 kobolds
  2 quokkas
  2 bats
  2 frilled lizards
  3 goblins
  3 rats (D:1)
55 creatures vanquished.

Notes
Turn   | Place    | Note
-------+----------+-------------------------------------------
     0 | D:1      | Strat the Deep Dwarf Fighter began the quest for the Orb.
     0 | D:1      | Reached XP level 1. HP: 20/20 MP: 1/1
   148 | D:1      | Reached XP level 2. HP: 21/27 MP: 2/2
   454 | D:2      | Reached XP level 3. HP: 23/34 MP: 3/3
   582 | D:2      | Found Usophuw's Antique Armour Emporium.
  1046 | D:3      | Reached XP level 4. HP: 17/42 MP: 4/4
  1085 | D:3      | Reached XP level 5. HP: 31/49 MP: 4/4
  1168 | D:3      | HP: 2/49 [orc (1)]
  1175 | D:3      | Splashed by an orc's acid

Illustrated notes

Levels and vault maps discovered:
D:1:      dpeg_arrival_rooms_c, layout_basic, minmay_misc_feat_tower
D:2:      layout_loops_corners, serial_shops, shop
D:3:      cheibrodos_pilgrimage, layout_basic, ebering_ecumenical_altar_box,
          serial_bayou_crossing, uniq_crazy_yiuf_cottage

Skill      XL: |  1  2  3 |
---------------+----------+-----
Axes           | 3 4 |  4.9
Fighting       | 3 |  3.7
Armour         | 4 |  4.4
Shields        | |  3.2

Action                   |  1- 3 |  4- 6 || total
-------------------------+-------+-------++-------
Melee: War axe           |    95 |    48 ||   143
 Abil: Heal Wounds       |       |     4 ||     4
  Use: Scroll            |     2 |       ||     2
Armor: Scale mail        |    55 |    29 ||    84
Dodge: Dodged            |    52 |    23 ||    75
